 Dungeon Crawl Stone Soup version 0.23.2 (webtiles) character file.

Game seed: 17418071834239440097

85 whitewolfNL the Cudgeler (level 4, -6/45 HPs)
             Began as a Troll Berserker on Apr 10, 2019.
             Was a Believer of Trog.
             Mangled by Crazy Yiuf
             ... wielding a +2 quarterstaff of chaos
              (20 damage)
             ... on level 2 of the Dungeon on Apr 13, 2019.
             The game lasted 00:08:32 (1370 turns).

whitewolfNL the Cudgeler (Troll Berserker)          Turns: 1370, Time: 00:08:32

Health: -6/45      AC:  6    Str: 25    XL:     4   Next: 25%
Magic:  1/3        EV: 10    Int:  3    God:    Trog [**....]
Gold:   62         SH:  0    Dex: 10    Spells: 3/3 levels left

rFire    . . .     SeeInvis .   e - +0 flail
rCold    . . .     Gourm    +   (no shield)
rNeg     . . .     Faith    .   f - +0 robe (curse)
rPois    .         Spirit   .   (helmet restricted)
rElec    .         Reflect  .   (no cloak)
rCorr    .         Harm     .   (gloves unavailable)
MR       .....                  (boots unavailable)
Stlth    +.........             (no amulet)
HPRegen  0.55/turn              i - ring of flight
MPRegen  0.08/turn              (no ring)

@: lethally poisoned (-6 -> -10)
A: large, unfitting armour, claws 3, fast metabolism 3, gourmand, regeneration
1, shaggy fur 1, tough skin 3
a: Berserk, Trog's Hand, Renounce Religion, Evoke Flight


You were on level 2 of the Dungeon.
You worshipped Trog.
Trog was pleased with you.
You were completely stuffed.

You visited 1 branch of the dungeon, and saw 2 of its levels.

You collected 62 gold pieces.

Inventory:

Hand Weapons
 e - a +0 flail (weapon)
 l - a +0 club
Armour
 f - a cursed +0 robe (worn)
Jewellery
 i - a ring of flight (left claw)
Scrolls
 a - a scroll of fear {unknown}
 b - a scroll of teleportation {unknown}
 d - a scroll of remove curse
 h - 2 scrolls of blinking
 j - a scroll of enchant armour
Potions
 k - a potion of resistance {unknown}
Comestibles
 c - 4 rations
 g - a chunk of flesh


   Skills:
 * Level 3.2 Fighting
 * Level 3.4 Maces & Flails
 * Level 0.3 Throwing
 * Level 0.2 Armour
 * Level 2.8 Dodging
 * Level 0.2 Stealth


You had 3 spell levels left.
You didn't know any spells.
Your spell library was empty.

Dungeon Overview and Level Annotations

Branches:
Dungeon (2/15)

Altars:

Annotations:
D:2 Crazy Yiuf


Innate Abilities, Weirdness & Mutations

You are too large for most types of armour.
You have claws for hands.
Your metabolism is lightning-fast.
You like to eat raw meat.
Your natural rate of healing is unusually fast.
You are covered in fur. (AC +1)
You have extremely tough skin. (AC +3)


Message History

You barely miss Crazy Yiuf.
Crazy Yiuf is heavily wounded.
Crazy Yiuf barely misses you.
You closely miss Crazy Yiuf.
Crazy Yiuf is heavily wounded.
Crazy Yiuf sings, "Trees, trees, trees, circus!"
Crazy Yiuf hits you with a +2 quarterstaff of chaos! x2
You are poisoned.
You hit Crazy Yiuf.
Crazy Yiuf is heavily wounded.
You feel sick.
Crazy Yiuf hits you with a +2 quarterstaff of chaos.
You are more poisoned.
Some of the chunks of flesh in your inventory have rotted away.
You hit Crazy Yiuf.
Crazy Yiuf is severely wounded.
You feel sick.
Crazy Yiuf hits you with a +2 quarterstaff of chaos.
You are electrocuted!!
You die...

#....#
#.........#
#....#
#.........#
#....#
#.........#
#....#
#####
#.........#
#....#
#..)#
#.........#
#....#
#...#
#.........#
###### ...
#....######
#g# #....#
♣♣@♣ #....#
♣.♣♣ #....#
♣♣.♣ #.####
♣.♣♣ #.#
♣♣.♣♣ #.#
♣...♣♣ #.#
♣....♣ #.#
#....# #.#
#....####.#


You could see Crazy Yiuf.

Vanquished Creatures
  3 gnolls (D:2)
  An adder (D:2)
  A worm (D:2)
  A dart slug (D:1)
  A leopard gecko (D:1)
  4 bats
  5 giant cockroaches
  4 goblins
  6 hobgoblins (D:1)
  A ball python (D:1)
  4 frilled lizards
  7 kobolds
  4 rats
42 creatures vanquished.

Notes
Turn   | Place    | Note
-------+----------+-------------------------------------------
     0 | D:1      | whitewolfNL the Troll Berserker began the quest for the
                  | Orb.
     0 | D:1      | Reached XP level 1. HP: 22/22 MP: 0/0
   151 | D:1      | Reached XP level 2. HP: 29/29 MP: 1/1
   427 | D:1      | Reached XP level 3. HP: 37/37 MP: 2/2
   529 | D:1      | Reached ** piety under Trog
   981 | D:2      | Reached XP level 4. HP: 40/45 MP: 3/3
  1360 | D:2      | Found a runed translucent door.
  1361 | D:2      | Noticed Crazy Yiuf
  1370 | D:2      | Mangled by Crazy Yiuf

Skill      XL: |  1  2 |
---------------+-------+-----
Maces & Flails | 3 |  3.4
Fighting       | 3 |  3.2
Throwing       | |  0.3
Armour         | |  0.2
Dodging        | |  2.8
Stealth        | |  0.2

Action                   |  1- 3 |  4- 6 || total
-------------------------+-------+-------++-------
Melee: Mace              |   106 |       ||   106
       Flail             |       |    23 ||    23
Invok: Berserk           |     3 |       ||     3
  Use: Scroll            |     4 |       ||     4
  Eat: Chunk             |    16 |     5 ||    21
Armor: Animal skin       |    33 |       ||    33
       Robe              |    12 |     4 ||    16
Dodge: Dodged            |    73 |    14 ||    87
